 Dungeon Crawl Stone Soup version 0.20.0-15-g7f486f2 (webtiles) character file.

114 Sunburn the Ogre Mage (level 4, -2/44 HPs)
             Began as an Ogre Fire Elementalist on June 25, 2017.
             Slain by a worker ant (8 damage)
             ... on level 3 of the Dungeon.
             The game lasted 00:07:04 (2947 turns).

Sunburn the Ogre Mage (Ogre Fire Elementalist)      Turns: 2947, Time: 00:07:06

Health: -2/44      AC:  3    Str: 16 (17) XL:     4   Next: 97%
Magic:  9/9        EV: 10    Int: 14 (17) God:
Gold:   63         SH:  0    Dex:  9      Spells: 0/10 levels left

rFire    . . .     SeeInvis .   i - +0 flail
rCold    . . .     Gourm    .   (no shield)
rNeg     . . .     Faith    .   a - +0 robe
rPois    .         Spirit   .   (helmet restricted)
rElec    .         Reflect  .   (no cloak)
rCorr    .         Harm     .   (gloves unavailable)
MR       .....                  (boots unavailable)
Stlth    +.........             (no amulet)
Regen    0.2/turn               (no ring)
MPRegen  0.2/turn               (no ring)

@: mighty, lethally poisoned (-2 -> -22)
A: unfitting armour, tough skin 1
a: no special abilities


You were on level 3 of the Dungeon.
You were not hungry.

You visited 1 branch of the dungeon, and saw 3 of its levels.

You collected 63 gold pieces.

Inventory:

Hand Weapons
 h - a +0 mace
 i - a +0 flail (weapon)
Armour
 a - a +0 robe (worn)
Wands
 d - a wand of acid (8/15)
Scrolls
 e - a scroll of random uselessness
 f - a scroll of amnesia
Books
 b - a book of Flames

   Spells                             Type                      Level
   a - Flame Tongue                   Conjuration/Fire             1
   b - Throw Flame                    Conjuration/Fire             2
   c - Conjure Flame                  Conjuration/Fire             3
   d - Inner Flame                    Hexes/Fire                   3
   e - Sticky Flame                   Conjuration/Fire             4
   f - Fireball                       Conjuration/Fire             5
Comestibles
 c - a bread ration
 g - a meat ration
 j - 3 chunks of flesh
 k - 2 fruits


   Skills:
 * Level 2.4 Fighting
 - Level 1.7 Dodging
 - Level 1.4 Stealth
 - Level 0.1 Unarmed Combat
 * Level 3.9 Spellcasting
 * Level 1.7 Conjurations
 + Level 3.2 Fire Magic


You couldn't memorise any spells.
You knew the following spells:

 Your Spells              Type           Power        Failure   Level  Hunger
a - Flame Tongue          Conj/Fire      #....        7%          1    None
b - Throw Flame           Conj/Fire      #.....       11%         2    ##.....
c - Conjure Flame         Conj/Fire      #.......     21%         3    ###....
d - Sticky Flame          Conj/Fire      #.......     56%         4    ####...


Dungeon Overview and Level Annotations

Branches:
Dungeon (3/15)

Altars:
Yredelemnul


Innate Abilities, Weirdness & Mutations

You are too large for most types of armour.
You have tough skin. (AC +1)


Message History

You feel very mighty all of a sudden.
You feel sick. The worker ant bites you.
* * * LOW HITPOINT WARNING * * *
Okay, then.
You barely miss the worker ant.
The worker ant is moderately wounded.
* * * LOW HITPOINT WARNING * * *
You feel sick.
The worker ant bites you but does no damage.
The worker ant bites you.
* * * LOW HITPOINT WARNING * * *
You are more poisoned.
The worker ant poisons you!
Unknown command.
You hit the worker ant.
The worker ant is heavily wounded.
* * * LOW HITPOINT WARNING * * *
You feel very sick. The worker ant bites you!
You die...

#..##### #.#
##.## .#
###..###### .#
#.......... ##
#..........
...##..........
#...............
####......#.####
$....##@....#
.....##.a.#..#
#...# #.###....#
#... .. .#.# #..
.## # . .# #. .


You could see a worker ant.

Vanquished Creatures
  Terence (D:2)
  3 adders (D:2)
  An ooze (D:1)
  3 worms (D:2)
  A dart slug (D:1)
  5 leopard geckos
  2 giant cockroaches
  6 goblins
  2 hobgoblins
  5 bats
  4 frilled lizards
  6 kobolds
  7 rats
46 creatures vanquished.

Notes
Turn   | Place    | Note
-------+----------+-------------------------------------------
     0 | D:1      | Sunburn the Ogre Fire Elementalist began the quest for the Orb.
     0 | D:1      | Reached XP level 1. HP: 16/16 MP: 3/3
    24 | D:1      | Reached skill level 1 in Conjurations
   480 | D:1      | Reached skill level 1 in Fighting
   511 | D:1      | Reached XP level 2. HP: 3/27 MP: 3/5
   667 | D:1      | Learned a level 2 spell: Throw Flame
  1133 | D:1      | Reached XP level 3. HP: 18/33 MP: 1/7
  1192 | D:1      | Learned a level 3 spell: Conjure Flame
  1396 | D:2      | Noticed Terence
  2052 | D:2      | Killed Terence
  2052 | D:2      | Reached XP level 4. HP: 5/42 MP: 1/9
  2325 | D:2      | Learned a level 4 spell: Sticky Flame
  2683 | D:2      | Found a basalt altar of Yredelemnul.
  2947 | D:3      | Slain by a worker ant

Skill      XL: |  1  2  3 |
---------------+----------+-----
Conjurations   | 1 |  1.7
Fighting       | 1 2 |  2.4
Spellcasting   | 3 |  3.9
Fire Magic     | 3 |  3.2
Dodging        | |  1.7
Stealth        | |  1.4
Unarmed Combat | |  0.1

Action                   |  1- 3 |  4- 6 || total
-------------------------+-------+-------++-------
Melee: Unarmed           |    18 |       ||    18
       Club              |     6 |       ||     6
       Mace              |    31 |       ||    31
       Flail             |    39 |    39 ||    78
 Cast: Flame Tongue      |    23 |     5 ||    28
       Throw Flame       |     4 |     7 ||    11
  Use: Scroll            |     5 |       ||     5
       Potion            |     2 |     1 ||     3
 Stab: Sleeping          |     1 |       ||     1
  Eat: Chunk             |     1 |     2 ||     3
       Bread ration      |     1 |       ||     1
Armor: Robe              |    21 |    13 ||    34
Dodge: Dodged            |    88 |    24 ||   112
